 Dungeon Crawl Stone Soup version 0.23.2-33-g5129a83184 (webtiles) character file.

Game seed: 14857920525867687139

53 redwoodhats the Poker (level 3, 0/30 HPs)
             Began as a Hill Orc Skald on July 3, 2019.
             Slain by a goblin
             ... wielding a +0 dagger
              (3 damage)
             ... on level 2 of the Dungeon on July 4, 2019.
             The game lasted 00:03:53 (937 turns).

redwoodhats the Poker (Hill Orc Skald)               Turns: 937, Time: 00:03:53

Health: 0/30       AC:  3    Str: 14    XL:     3   Next: 87%
Magic:  2/5        EV: 12    Int: 13    God:
Gold:   28         SH:  0    Dex: 10    Spells: 4/5 levels left

rFire    . . .     SeeInvis .   a - +0 spear
rCold    . . .     Gourm    .   (no shield)
rNeg     . . .     Faith    .   b - +0 leather armour
rPois    .         Spirit   .   (no helmet)
rElec    .         Reflect  .   (no cloak)
rCorr    .         Harm     .   (no gloves)
MR       .....                  (no boots)
Stlth    +.........             (no amulet)
HPRegen  0.10/turn              (no ring)
MPRegen  0.09/turn              (no ring)

@: infused
A: no striking features
a: no special abilities


You were on level 2 of the Dungeon.
You were not hungry.

You visited 1 branch of the dungeon, and saw 2 of its levels.

You collected 28 gold pieces.

Inventory:

Hand Weapons
 a - a +0 spear (weapon)
Armour
 b - a +0 leather armour (worn)
 e - a cursed +0 robe
Scrolls
 c - a scroll of immolation
 f - a scroll of teleportation {unknown}
 g - a scroll of magic mapping {unknown}
Comestibles
 d - 4 rations


   Skills:
 + Level 2.7 Fighting
 + Level 3.0 Polearms
 + Level 1.3 Armour
 + Level 2.2 Dodging
 + Level 1.9 Spellcasting
 + Level 2.8 Charms


You had 4 spell levels left.
You knew the following spells:

 Your Spells              Type           Power        Failure   Level  Hunger
a - Infusion              Chrm           #...         10%         1    ##.....

Your spell library contained the following spells:

 Spells                   Type           Power        Failure   Level  Hunger
 Song of Slaying          Chrm           #.......     14%         2    ###....
 Shroud of Golubria       Chrm/Tloc      #.........   26%         2    ###....
 Regeneration             Chrm/Necr      #.........   45%         3    ####...
 Spectral Weapon          Hex/Chrm       #.......     45%         3    ####...


Dungeon Overview and Level Annotations

Branches:
Dungeon (2/15)

Altars:


Message History

Casting: Infusion (safe; 10% risk of failure)
Confirm with . or Enter, or press ? or * to list all spells.
You begin infusing your attacks with magical energy.
The goblin hits you but does no damage. The hobgoblin hits you.
* * * LOW HITPOINT WARNING * * *
You hit the hobgoblin.
The hobgoblin is moderately wounded.
The goblin closely misses you.
The hobgoblin hits you but does no damage.
You hit the hobgoblin!
You kill the hobgoblin!
The goblin hits you but does no damage.
You closely miss the goblin.
The goblin is moderately wounded.
The goblin hits you but does no damage. The jackal barely misses you.
You completely miss the goblin.
The goblin is moderately wounded.
The jackal bites you but does no damage.
The goblin hits you with a +0 dagger.
You die...

#........ #........ #
#........ # ..
##........ ###...
.......... ...#.#######
.#........
...........###.#.......[
...#....>..##..#†g#
...##.........##@##
#...#...........h#
#...#......##....#
....(......##....#
#...#......##....#
..............(..#
#....######.#......
........ ...........
.....#####..##.......


You could see a jackal and a goblin.

Vanquished Creatures
  2 adders (D:2)
  A dart slug (D:2)
  A leopard gecko (D:2)
  A ball python (D:1)
  4 bats
  3 giant cockroaches
  4 goblins (D:1)
  7 hobgoblins
  2 frilled lizards (D:1)
  A kobold (D:1)
  4 rats
30 creatures vanquished.

Notes
Turn   | Place    | Note
-------+----------+-------------------------------------------
     0 | D:1      | redwoodhats the Hill Orc Skald began the quest for the Orb.
     0 | D:1      | Reached XP level 1. HP: 18/18 MP: 3/3
   118 | D:1      | Reached XP level 2. HP: 25/25 MP: 1/4
   329 | D:1      | You fall through a shaft!
   375 | D:2      | Reached XP level 3. HP: 19/30 MP: 0/5
   855 | D:2      | Reached skill level 3 in Polearms
   937 | D:2      | Slain by a goblin

Skill      XL: |  1  2  3 |
---------------+----------+-----
Dodging        | 2 |  2.2
Polearms       | 3 |  3.0
Fighting       | |  2.7
Armour         | |  1.3
Spellcasting   | |  1.9
Charms         | |  2.8

Action                   || total
-------------------------++-------
Melee: Spear             ||   119
 Cast: Infusion          ||     4
  Use: Scroll            ||     4
       Potion            ||     3
Armor: Leather armour    ||    27
Dodge: Dodged            ||    91
